 Dungeon Crawl Stone Soup version 0.21-a0-518-g43a1781 (webtiles) character file.

497092 theanonym the Merfolkian Blade (level 25, -17/218 (223) HPs)
             Began as a Merfolk Berserker on Dec 4, 2017.
             Was the Champion of Trog.
             Demolished by an eldritch tentacle (19 damage)
             ... called by the power of Zot
             ... while paralysed by an eldritch tentacle
             ... on level 4 of the Depths.
             The game lasted 03:03:52 (66154 turns).

theanonym the Merfolkian Blade (Merfolk Berserker) Turns: 66154, Time: 03:03:54

HP:   -17/218 (223) AC: 30    Str: 20      XL:     25   Next: 15%
MP:   14/31         EV:  2    Int: 12 (14) God:    Trog [******]
Gold: 1315          SH:  0    Dex: 37      Spells: 24/24 levels left

rFire    + + .     SeeInvis .   a - +12 triple sword of Massacring {god gift, vamp, +Fly rPois Dex+5}
rCold    + . .     Gourm    .   (shield currently unavailable)
rNeg     . . .     Faith    .   n - +4 fire dragon scales {11 rF++ rC-}
rPois    +         Spirit   .   Y - +4 hat of Becaprok {rC+ MR+ Int+6}
rElec    +         Reflect  +   s - +0 cloak
rCorr    .         Harm     .   G - +2 pair of gloves "Saclus" {MR++}
MR       +++++                  p - +2 pair of boots of the Failed Coup {rElec rPois Dex+6 Stlth-}
Stlth    ..........             F - +4 amulet of reflection
HPRegen  1.46/turn              o - +5 ring of slaying
MPRegen  0.22/turn              B - ring of protection from cold {rC+}

@: confused, paralysed, agile, regenerating, hasted
A: change form in water, swift swim, stealthy swim
}: 2/15 runes: decaying, serpentine
a: Berserk, Trog's Hand, Brothers in Arms, Burn Spellbooks, Renounce Religion,
Evoke Flight


   Skills:
 + Level 23.8 Fighting
 - Level 24.0 Long Blades
 - Level 15.0 Armour
 + Level 23.0 Dodging
 - Level 10.6 Evocations


You had 24 spell levels left.
You didn't know any spells.

Skill      XL: |  1  2  3  4  5  6  7  8  9 10 11 12 13 14 15 16 17 18 19 20 21 22 23 24 25 |
---------------+----------------------------------------------------------------------------+-----
Long Blades    | 4 5 6 7 8 9 11 12 13 15 16 18 19 20 21 22 23 24 | 24.0
Fighting       | 4 6 7 9 10 11 12 13 15 16 17 18 20 21 22 23 | 23.8
Dodging        | 5 7 9 11 12 13 15 16 17 18 20 22 23 | 23.0
Armour         | 3 5 7 9 10 12 15 | 15.0
Evocations     | 5 9 10 | 10.6

Action                   |  1- 3 |  4- 6 |  7- 9 | 10-12 | 13-15 | 16-18 | 19-21 | 22-24 | 25-27 || total
-------------------------+-------+-------+-------+-------+-------+-------+-------+-------+-------++-------
Melee: Falchion          |    84 |   160 |       |       |       |       |       |       |       ||   244
       Long sword        |       |    18 |   126 |       |       |       |       |       |       ||   144
       Great sword       |       |       |   119 |   541 |   829 |       |    56 |       |       ||  1545
       Tailslap          |       |       |       |     4 |    54 |    27 |    15 |    31 |       ||   131
       Scimitar          |       |       |       |       |     8 |       |       |       |       ||     8
       Triple sword      |       |       |       |       |   163 |  1131 |  1054 |  1348 |    47 ||  3743
Invok: Berserk           |     2 |     3 |    10 |    14 |    28 |    31 |    20 |    12 |     2 ||   122
       Trog's Hand       |     1 |     1 |     1 |     7 |     7 |    17 |    29 |    10 |     1 ||    74
       Burn Spellbooks   |       |       |     2 |     2 |     4 |     1 |     1 |     2 |       ||    12
       Brothers in Arms  |       |       |       |     5 |     9 |     3 |     6 |     2 |       ||    25
Evoke: Wand              |       |       |       |    10 |    11 |     5 |    11 |     9 |       ||    46
       Phantom mirror    |       |       |       |       |       |     1 |       |       |       ||     1
       Phial of floods   |       |       |       |       |       |       |     2 |       |       ||     2
  Use: Scroll            |     3 |     8 |     5 |    10 |    10 |     7 |     6 |    18 |       ||    67
       Potion            |       |       |       |     2 |       |     1 |     6 |     1 |     2 ||    12
 Stab: Sleeping          |     1 |       |       |       |       |       |       |       |       ||     1
       Paralysed         |       |       |       |     2 |       |       |     2 |     2 |       ||     6
       Distracted        |       |       |       |       |       |     1 |     1 |     2 |       ||     4
  Eat: Chunk             |     3 |    11 |     7 |    24 |    35 |    37 |    43 |    43 |     4 ||   207
       Bread ration      |       |       |     4 |     3 |     3 |     5 |     1 |     2 |       ||    18
       Meat ration       |       |       |       |     3 |     5 |     2 |     1 |     1 |       ||    12
       Royal jelly       |       |       |       |       |       |     3 |     6 |       |       ||     9
       Fruit             |       |       |       |       |       |     8 |     3 |     2 |       ||    13
Armor: Leather armour    |     8 |       |       |     8 |     2 |       |       |       |       ||    18
       Robe              |     1 |       |       |       |       |       |       |       |       ||     1
       Ring mail         |     4 |    61 |    48 |       |       |       |       |       |       ||   113
       Scale mail        |       |       |    48 |   133 |     3 |    80 |   174 |       |       ||   438
       Skin              |       |       |       |    23 |       |       |       |       |       ||    23
       Swamp dragon scal |       |       |       |       |   213 |   141 |       |       |       ||   354
       Fire dragon scale |       |       |       |       |       |       |     1 |   361 |    46 ||   408
Dodge: Dodged            |    52 |   114 |   158 |   407 |   917 |  1197 |   898 |  1272 |    64 ||  5079
Block: Other             |       |       |       |       |       |    77 |   129 |   164 |     9 ||   379
       Reflection        |       |       |       |       |       |     5 |    10 |    10 |     1 ||    26
       Rpst.: Falchion   |    21 |    32 |       |       |       |       |       |       |       ||    53
       Long sword        |       |     1 |    17 |       |       |       |       |       |       ||    18
       Great sword       |       |       |    23 |   119 |   178 |       |    14 |       |       ||   334
       Triple sword      |       |       |       |       |    45 |   238 |   195 |   227 |    10 ||   715

Inventory:

Hand Weapons
 a - the +12 triple sword of Massacring (weapon) {god gift, vamp, +Fly rPois Dex+5}
   (Trog gifted it to you on level 4 of the Vaults)

   It inflicts no extra harm, but heals its wielder when it wounds a living foe.
   It affects your dexterity (+5).
   It protects you from poison.
   It lets you fly.
 b - a +0 triple sword of holy wrath
   (You found it in a treasure trove)
Armour
 n - +4 fire dragon scales (worn) {11 rF++ rC-}
   (You found it on level 3 of the Vaults)
 p - the +2 pair of boots of the Failed Coup (worn) {rElec rPois Dex+6 Stlth-}
   (You found it on level 5 of the Depths)

   It affects your dexterity (+6).
   It insulates you from electricity.
   It protects you from poison.
   It makes you less stealthy.
 s - a +0 cloak (worn)
   (You took it off Crazy Yiuf on level 4 of the Dungeon)
 G - the +2 pair of gloves "Saclus" (worn) {MR++}
   (You bought it in a shop on level 4 of the Depths)

   It affects your resistance to hostile enchantments.
 T - a +2 cloak
   (You took it off a draconian shifter on level 5 of the Depths)
 Y - the +4 hat of Becaprok (worn) {rC+ MR+ Int+6}
   (You found it on level 2 of the Depths)

   It affects your intelligence (+6).
   It protects you from cold.
   It affects your resistance to hostile enchantments.
Jewellery
 o - a +5 ring of slaying (left hand)
   (You bought it in a shop on level 1 of the Elven Halls)
 x - an uncursed amulet of regeneration {Regen+}
   (You found it on level 13 of the Dungeon)
 B - a ring of protection from cold (right hand) {rC+}
   (You found it on level 3 of the Dungeon)
 F - a +4 amulet of reflection (around neck)
   (You bought it in a shop on level 2 of the Orcish Mines)
 I - an uncursed ring of positive energy {rN+rN+}
   (You found it on level 2 of the Depths)
Wands
 c - a wand of clouds (4)
   (You found it on level 3 of the Swamp)
 d - a wand of digging (37)
   (You found it on level 1 of the Lair of Beasts)
 v - a wand of acid (47)
   (You found it on level 7 of the Dungeon)
 H - a wand of paralysis (50)
   (You found it on level 9 of the Dungeon)
 N - a wand of iceblast (39)
   (You found it on level 8 of the Dungeon)
 V - a wand of disintegration (31)
   (You found it on level 6 of the Lair of Beasts)
Scrolls
 f - 5 scrolls of fog {!r}
 l - 2 scrolls of immolation
 r - 6 scrolls of identify
 t - 3 scrolls of teleportation {!r}
 y - 2 scrolls of magic mapping {!r}
 z - 10 scrolls of blinking
 C - 4 scrolls of fear {!r}
 J - 5 scrolls of enchant weapon
 K - a scroll of holy word
 Q - a scroll of summoning
 S - 21 scrolls of remove curse
Potions
 g - 7 potions of invisibility
 h - 2 potions of resistance {rF+ rC+}
 j - 6 potions of magic
 k - 5 potions of agility
 m - 9 potions of flight
 q - 13 potions of heal wounds
 w - 25 potions of curing
 A - 4 potions of mutation
 E - 4 potions of berserk rage {!q}
 L - 4 potions of cancellation
 R - 5 potions of ambrosia
 U - 3 potions of might
 W - 10 potions of lignification
 X - 2 potions of haste
Miscellaneous
 D - a phantom mirror
 O - a phial of floods
   (You found it on level 13 of the Dungeon)
 P - a fan of gales
   (You found it on level 1 of the Lair of Beasts)
Comestibles
 e - 8 meat rations
 i - 15 royal jellies
 u - 10 chunks of flesh
 M - 3 bread rations

Dungeon Overview and Level Annotations

Branches:
Dungeon (15/15)            Temple (0/1) D:5            Lair (6/6) D:10
  Swamp (4/4) Lair:4        Snake (4/4) Lair:2        Slime (0/5) Lair:6
    Orc (2/2) D:9             Elf (3/3) Orc:2        Vaults (4/5) D:13
  Crypt (0/3) Vaults:3     Depths (5/5) D:15            Zot (0/5) Depths:5

Altars:
Ashenzari
Elyvilon
Fedhas
Gozag
Hepliaklqana
Kikubaaqudgha
Nemelex Xobeh
Okawaru
Qazlal
Trog
Uskayaw
Vehumet
Wu Jian
Xom
Zin
Beogh
Lugonu

Shops:
D:4 (   D:14 (}   Orc:2 *([=   Elf:1 =%!=   Elf:2 ?(   Elf:3 !   Snake:2 *
Vaults:4 }:   Depths:2 ==}   Depths:4 [

Portals:
Hell: Depths:1 Depths:2 Depths:3 Depths:4 Depths:5
Abyss: Depths:2 Depths:3 Depths:4 Depths:5
Pandemonium: Depths:2
Ziggurat: Depths:3

Annotations:
D:4 weapons
Lair:6 exclusions: 2 oklob plants and 5 more exclusions
Elf:3 1 exclusion
Depths:3 exclusions: floating eye, shining eye and 1 more exclusion
Depths:4 1 transporter


You were on level 4 of the Depths.
You worshipped Trog.
Trog was exalted by your worship.
You were not hungry.

You visited 8 branches of the dungeon, and saw 43 of its levels.
You visited 1 bazaar.
You also visited: Trove.

You collected 4491 gold pieces.
You spent 3176 gold pieces at shops.


Message History

The eldritch tentacle slaps you!
You suddenly lose the ability to move!
The eldritch tentacle claws you!!
The eldritch tentacle draws strength from your injuries!
The small abomination hits you but does no damage.
You hear a distant "Zot"!
You hear a loud "Zot"!
You hear a shout!
You hear a distant "Zot"!
The ice dragon barely misses you.
The ice dragon claws you but does no damage.
The ice dragon tramples you but does no damage.
The small abomination hits you but does no damage.
You hear a loud "Zot"!
The eldritch tentacle slaps you but does no damage.
The eldritch tentacle claws you but does no damage.
You hear a loud "Zot"!
You hear a shout!
The small abomination hits you! The eldritch tentacle slaps you.
You feel your power leaking away.
* * * LOW MAGIC WARNING * * *
The eldritch tentacle claws you!
You are engulfed in flames!
You resist.
The ice dragon bites you but does no damage.
The ice dragon claws you but does no damage.
The ice dragon tramples you.
You are shoved backwards!
You enter the Zot trap.
Wisps of shadow whirl around...
You hear a shout!
The deep elf high priest intones a terrible prayer.
The eldritch tentacle slaps you!
You are engulfed in flames!
You resist. The eldritch tentacle claws you!
The eldritch tentacle freezes you!! You resist.
* * * LOW HITPOINT WARNING * * *
You hear a loud "Zot"!
The stone giant throws a large rock.
The large rock hits you!
* * * LOW HITPOINT WARNING * * *
The large rock dissolves into shadows!
The deep troll shaman bites you but does no damage.
The deep troll shaman completely misses you.
The deep troll shaman claws you but does no damage.
The deep troll shaman calls upon its god to strengthen something.
The eldritch tentacle slaps you but does no damage.
The eldritch tentacle claws you.
* * * LOW HITPOINT WARNING * * *
The eldritch tentacle shocks you. You resist.
* * * LOW HITPOINT WARNING * * *
The iron troll bites you but does no damage.
The iron troll claws you but does no damage. x2
The deep troll shaman bites you but does no damage.
The deep troll shaman claws you but does no damage. x2
The eldritch tentacle slaps you.
* * * LOW HITPOINT WARNING * * *
The eldritch tentacle shocks you. You resist.
* * * LOW HITPOINT WARNING * * *
The eldritch tentacle claws you!
* * * LOW HITPOINT WARNING * * *
You are confused.
The stone giant throws a large rock.
The large rock hits you.
* * * LOW HITPOINT WARNING * * *
The large rock dissolves into shadows!
You hear a distant "Zot"! x2
The eldritch tentacle slaps you but does no damage.
The eldritch tentacle claws you!
* * * LOW HITPOINT WARNING * * *
You are engulfed in flames!
You resist.
* * * LOW HITPOINT WARNING * * *
The iron troll bites you but does no damage.
The iron troll barely misses you.
The iron troll claws you but does no damage.
The deep troll shaman bites you but does no damage.
The deep troll shaman claws you.
* * * LOW HITPOINT WARNING * * *
The deep troll shaman claws you but does no damage.
The stone giant throws a large rock.
The large rock hits you.
* * * LOW HITPOINT WARNING * * *
The large rock dissolves into shadows!
The deep troll shaman bites you but does no damage.
The deep troll shaman claws you but does no damage. x2
The eldritch tentacle slaps you but does no damage.
The eldritch tentacle claws you but does no damage.
The deep troll shaman bites you but does no damage.
The deep troll shaman claws you but does no damage. x2
The stone giant throws a large rock.
The large rock hits you but does no damage.
The large rock dissolves into shadows!
The deep troll shaman bites you but does no damage.
The deep troll shaman barely misses you.
The deep troll shaman claws you but does no damage.
The power of Zot is invoked against you!
You resist.
There is a sudden explosion of flames!
The explosion engulfs you! You resist.
* * * LOW HITPOINT WARNING * * *
The explosion engulfs the eldritch tentacle.
The eldritch tentacle completely resists.
The explosion engulfs the deep troll shaman. x2
The explosion engulfs the iron troll.
The iron troll resists.
The eldritch tentacle slaps you.
* * * LOW HITPOINT WARNING * * *
You are engulfed in flames!
You resist.
* * * LOW HITPOINT WARNING * * *
The eldritch tentacle claws you!!
* * * LOW HITPOINT WARNING * * *
The eldritch tentacle freezes you!! You resist.
You die...

............#### #.##^ ####
...#......≈.# #.^.. #..###....≈.#
####^.#.### #### ........#.≈.#
#.^..^#^.. . #=^$#
##.....#..≈≈###.^.#.^^ ..^ #.%^#
####...##...###^..#e#^^... +}^$#
...........©###©*DiDQ*# #.(©#
............###wTT#x#^^..^ +:^$#
..........≈≈###.@T#... ... #^)^#
............# #.^^TT#^.. . #}^=#
............# ####C.#.### ####
...(.....#..# #....
....()......#### #^##^ ####
...............## ## ## ###...
................## ##.....
...(.............##########.<...<
.............#............†..##..


You could see an eldritch tentacle, 2 ice dragons, 2 iron trolls, a stone giant,
a deep troll, a spriggan berserker (berserk), a deep elf high priest and 2 deep
troll shamans.

Notes
Turn   | Place    | Note
-------+----------+-------------------------------------------
     0 | D:1      | theanonym the Merfolk Berserker began the quest for the Orb.
     0 | D:1      | Reached XP level 1. HP: 18/18 MP: 1/1
   392 | D:1      | Reached XP level 2. HP: 18/24 MP: 2/2
   509 | D:1      | Reached skill level 4 in Long Blades
   794 | D:1      | Reached XP level 3. HP: 27/29 MP: 3/3
  1069 | D:1      | Reached ** piety under Trog
  1499 | D:2      | Noticed Natasha
  1509 | D:2      | Killed Natasha
  1509 | D:2      | Reached skill level 5 in Long Blades
  1509 | D:2      | Reached XP level 4. HP: 34/35 MP: 4/4
  1900 | D:2      | Noticed Natasha
  1905 | D:2      | Killed Natasha
  1905 | D:2      | Reached skill level 6 in Long Blades
  1905 | D:2      | Reached XP level 5. HP: 41/41 MP: 5/5
  2442 | D:3      | Noticed an angel
  2443 | D:3      | Found a glowing silver altar of Zin.
  2637 | D:3      | theanonym: !lg . mf s=class
  2637 | D:3      | beem: 12 games for theanonym (mf): 9x Gladiator, Transmuter, Fighter, Enchanter
  2768 | D:3      | Reached *** piety under Trog
  2768 | D:3      | Reached skill level 7 in Long Blades
  2774 | D:3      | Reached XP level 6. HP: 45/47 MP: 6/6
  3138 | D:4      | Found Utiaquej's Weapon Emporium.
  3363 | D:4      | Noticed Edmund
  3379 | D:4      | Killed Edmund
  3379 | D:4      | Reached skill level 8 in Long Blades
  3624 | D:4      | Found a runed door.
  3983 | D:4      | Noticed Crazy Yiuf
  3993 | D:4      | Killed Crazy Yiuf
  3993 | D:4      | Reached XP level 7. HP: 52/52 MP: 7/7
  4067 | D:5      | Entered Level 5 of the Dungeon
  4342 | D:5      | Reached skill level 4 in Fighting
  4342 | D:5      | Reached skill level 9 in Long Blades
  4848 | D:5      | Noticed Dowan
  4878 | D:5      | Killed Dowan
  4878 | D:5      | Reached XP level 8. HP: 61/61 MP: 8/8
  4957 | D:5      | Noticed Duvessa
  4965 | D:5      | Killed Duvessa
  5050 | D:5      | Found a shattered altar of Ashenzari.
  5057 | D:5      | Found a staircase to the Ecumenical Temple.
  5432 | D:6      | Reached **** piety under Trog
  5454 | D:6      | Reached skill level 5 in Fighting
  5686 | D:6      | Reached skill level 10 in Long Blades
  5686 | D:6      | Reached skill level 3 in Dodging
  5769 | D:6      | Found a blossoming altar of Fedhas.
  6006 | D:4      | Bought a +2 great sword of draining for 284 gold pieces
  6434 | D:6      | HP: 47/94 [killer bee (3)]
  6434 | D:6      | Reached skill level 4 in Dodging
  6439 | D:6      | HP: 40/96 [poisoned by a killer bee]
  6443 | D:6      | HP: 19/64 [poisoned by a killer bee]
  6448 | D:6      | HP: 12/64 [poisoned by a killer bee]
  6454 | D:5      | HP: 10/64 [poisoned by a killer bee]
  6459 | D:5      | HP: 9/64 [poisoned by a killer bee]
  6956 | D:7      | Noticed Pikel
  7105 | D:7      | Killed Pikel
  7105 | D:7      | Reached skill level 6 in Fighting
  7105 | D:7      | Reached skill level 11 in Long Blades
  7105 | D:7      | Reached skill level 5 in Dodging
  7105 | D:7      | Reached XP level 9. HP: 71/71 MP: 9/9
  7165 | D:7      | Found an ancient bone altar of Kikubaaqudgha.
  8125 | D:8      | Noticed a two-headed ogre
  8135 | D:8      | Killed a two-headed ogre
  8135 | D:8      | Reached skill level 7 in Fighting
  8135 | D:8      | Reached skill level 12 in Long Blades
  8135 | D:8      | Reached skill level 6 in Dodging
  8285 | D:8      | Reached skill level 7 in Dodging
  8287 | D:8      | Reached ***** piety under Trog
  8341 | D:8      | Reached XP level 10. HP: 79/79 MP: 10/10
  8726 | D:8      | Noticed mieszko's ghost (novice KoHu)
  8753 | D:8      | Killed mieszko's ghost
  8753 | D:8      | Reached skill level 8 in Fighting
  8753 | D:8      | Reached skill level 8 in Dodging
  8760 | D:8      | HP: 39/80 [poisoned by mieszko's ghost]
  8890 | D:8      | Found a shimmering altar of Xom.
  8973 | D:8      | Reached skill level 13 in Long Blades
  8998 | D:8      | Found a hazy altar of Hepliaklqana.
  9004 | D:8      | Found a sparkling altar of Nemelex Xobeh.
  9004 | D:8      | Found an iron altar of Okawaru.
  9004 | D:8      | Found a bloodstained altar of Trog.
  9005 | D:8      | Found a white marble altar of Elyvilon.
  9006 | D:8      | Found an ornate altar of the Wu Jian Council.
  9007 | D:8      | Found an opulent altar of Gozag.
  9008 | D:8      | Found a hide-covered altar of Uskayaw.
  9355 | D:9      | Received a gift from Trog
  9374 | D:9      | Noticed a two-headed ogre
  9384 | D:9      | Killed a two-headed ogre
  9393 | D:9      | Noticed a kobold demonologist
  9393 | D:9      | Noticed an orc sorcerer
  9393 | D:9      | Noticed a kobold demonologist
  9401 | D:9      | Found a transporter.
  9414 | D:9      | Noticed a kobold demonologist
  9766 | D:9      | Found an ancient bone altar of Kikubaaqudgha.
  9830 | D:9      | Reached skill level 9 in Dodging
  9951 | D:9      | Found a transporter.
 10001 | D:9      | Found a staircase to the Orcish Mines.
 10061 | D:10     | Entered Level 10 of the Dungeon
 10112 | D:10     | Reached skill level 9 in Fighting
 10117 | D:10     | Reached XP level 11. HP: 89/89 MP: 11/11
 10424 | D:10     | Found a staircase to the Lair.
 10432 | D:10     | Reached skill level 14 in Long Blades
 10904 | D:10     | Noticed a two-headed ogre
 10913 | D:10     | Killed a two-headed ogre
 10913 | D:10     | Reached skill level 10 in Dodging
 11469 | Orc:1    | Entered Level 1 of the Orcish Mines
 11570 | Orc:1    | Noticed an orc sorcerer
 11580 | Orc:1    | Killed an orc sorcerer
 11787 | Lair:1   | Entered Level 1 of the Lair of Beasts
 11866 | Lair:1   | Reached skill level 10 in Fighting
 12125 | Lair:1   | Noticed an oklob plant
 12145 | Lair:1   | Reached skill level 15 in Long Blades
 12449 | Lair:1   | Killed an oklob plant
 12618 | Lair:2   | Found a staircase to the Snake Pit.
 12624 | Lair:2   | HP: 45/91 [naga/battleaxe of flaming (7)]
 12632 | Lair:2   | HP: 43/91 [poisoned by a naga (splash of poison)]
 12867 | Lair:2   | Noticed Urug
 12885 | Lair:2   | Killed Urug
 12885 | Lair:2   | Reached skill level 11 in Dodging
 12885 | Lair:2   | Reached XP level 12. HP: 72/98 MP: 12/12
 12922 | Lair:2   | HP: 47/98 [river rat (9)]
 12932 | Lair:2   | HP: 49/98 [river rat (8)]
 12934 | Lair:2   | Received a gift from Trog
 12939 | Lair:2   | HP: 67/147 [river rat (4)]
 13410 | Lair:2   | HP: 49/98 [poisoned by a spiny frog]
 13415 | Lair:2   | HP: 49/98 [poisoned by a spiny frog]
 13422 | Lair:2   | HP: 49/98 [poisoned by a spiny frog]
 13430 | Lair:2   | HP: 49/98 [poisoned by a spiny frog]
 14261 | Lair:3   | Noticed an eight-headed hydra
 14264 | Lair:3   | Killed an eight-headed hydra
 14435 | Lair:3   | Got a pair of shimmering boots
 14446 | Lair:3   | Identified the cursed +0 pair of boots of Jichav {*Drain rC+ rCorr SInv} (You found it on level 3 of the Lair of Beasts)
 14669 | Lair:3   | Noticed an eight-headed hydra
 14679 | Lair:3   | Killed an eight-headed hydra
 15297 | Lair:4   | HP: 49/99 [lindwurm (6)]
 15300 | Lair:4   | Reached skill level 11 in Fighting
 15300 | Lair:4   | Reached skill level 16 in Long Blades
 15883 | Lair:4   | HP: 74/150 [spiny frog (5)]
 15889 | Lair:4   | HP: 59/150 [spiny frog (6)]
 15894 | Lair:4   | HP: 34/100 [poisoned by a spiny frog]
 15899 | Lair:4   | HP: 25/100 [poisoned by a spiny frog]
 15904 | Lair:4   | HP: 29/100 [poisoned by a spiny frog]
 15910 | Lair:4   | HP: 32/100 [poisoned by a spiny frog]
 15915 | Lair:4   | HP: 32/100 [poisoned by a spiny frog]
 16257 | Lair:4   | Reached skill level 12 in Dodging
 16334 | Lair:4   | Found a staircase to the Swamp.
 16492 | Lair:4   | Noticed Kirke
 16500 | Lair:4   | Noticed an alligator
 16506 | Lair:4   | HP: 45/100 [alligator (24)]
 16513 | Lair:4   | HP: 38/100 [poisoned by a spiny frog]
 16520 | Lair:4   | HP: 44/100 [poisoned by a spiny frog]
 16764 | Lair:4   | Killed Kirke
 16768 | Lair:4   | HP: 71/150 [polar bear (6)]
 16775 | Lair:4   | HP: 69/150 [poisoned by a black mamba]
 16783 | Lair:4   | HP: 70/150 [poisoned by a black mamba]
 17093 | Lair:4   | Killed an alligator
 17093 | Lair:4   | Reached XP level 13. HP: 74/107 MP: 13/13
 17148 | Lair:4   | HP: 50/107 [swamp worm (12)]
 17153 | Lair:4   | HP: 39/107 [swamp worm (15)]
 17158 | Lair:4   | HP: 37/107 [swamp worm (2)]
 17663 | Lair:4   | Reached skill level 17 in Long Blades
 17991 | Lair:4   | Got a faintly glowing leather armour {4}
 18002 | Lair:4   | Identified the +3 leather armour "Syogen" {MP+9, 4} (You found it on level 4 of the Lair of Beasts)
 18213 | Lair:5   | Reached skill level 12 in Fighting
 18214 | Lair:5   | HP: 53/108 [wolf (4)]
 18216 | Lair:5   | Reached skill level 2 in Armour
 18219 | Lair:5   | Noticed Snorg
 18226 | Lair:5   | HP: 50/108 [Snorg (7)]
 18231 | Lair:5   | Killed Snorg
 18341 | Lair:4   | HP: 53/108 [elephant (8)]
 19475 | Lair:6   | Entered Level 6 of the Lair of Beasts
 19481 | Lair:6   | Reached skill level 3 in Armour
 19525 | Lair:6   | HP: 54/109 [wyvern (12)]
 19530 | Lair:6   | HP: 36/109 [wyvern (7)]
 19922 | Lair:6   | Reached skill level 18 in Long Blades
 20246 | Lair:6   | Reached XP level 14. HP: 116/116 MP: 14/14
 20270 | Lair:6   | Reached skill level 4 in Armour
 20532 | Lair:6   | Found a staircase to the Slime Pits.
 20857 | Lair:6   | Reached skill level 13 in Fighting
 21016 | Lair:6   | Received a gift from Trog
 21355 | Lair:6   | HP: 78/177 [fire crab] (18)]
 21359 | Lair:6   | HP: 38/177 [something (9)]
 21407 | Lair:6   | HP: 31/118 [komodo dragon (10)]
 21946 | D:11     | Received a gift from Trog
 22941 | D:11     | Reached skill level 5 in Armour
 23493 | D:12     | Reached skill level 19 in Long Blades
 23493 | D:12     | Reached skill level 13 in Dodging
 23867 | D:12     | Noticed Roxy's ghost (journeyman DsMo)
 23880 | D:12     | Killed Roxy's ghost
 23977 | D:12     | Found a stormy altar of Qazlal.
 24068 | D:12     | Received a gift from Trog
 24593 | D:13     | Found a gate to the Vaults.
 24719 | D:13     | HP: 86/178 [skeletal warrior/trident[a skeletal warrior] (14)]
 24929 | D:13     | HP: 51/119 [skeletal warrior/dire flail (22)]
 24933 | D:13     | HP: 18/178 [skeletal warrior/flail[a skeletal warrior] (24)]
 25538 | Swamp:1  | Entered Level 1 of the Swamp
 25688 | Swamp:1  | Reached XP level 15. HP: 74/125 MP: 15/15
 26143 | Swamp:1  | Reached skill level 14 in Fighting
 26599 | Swamp:1  | Reached skill level 14 in Dodging
 26876 | Swamp:2  | HP: 57/126 [alligator[an alligator] (13)]
 26878 | Swamp:2  | HP: 28/126 [alligator[an alligator] (4)]
 27239 | Swamp:2  | Noticed a thorn hunter
 27255 | Swamp:2  | Killed a thorn hunter
 27255 | Swamp:2  | Reached skill level 20 in Long Blades
 27548 | Swamp:2  | Noticed a thorn hunter
 27602 | Swamp:2  | Noticed a thorn hunter
 27608 | Swamp:2  | HP: 47/127 [thorn hunter/volley of thorns (36)]
 27756 | Swamp:2  | HP: 63/127 [thorn hunter/volley of thorns (38)]
 27763 | Swamp:2  | HP: 66/190 [thorn hunter/volley of thorns (19)]
 27766 | Swamp:2  | Killed a thorn hunter
 28055 | Swamp:2  | Killed a thorn hunter
 28154 | Swamp:2  | Noticed a thorn hunter
 28162 | Swamp:2  | Killed a thorn hunter
 28175 | Swamp:2  | Received a gift from Trog
 29210 | Swamp:3  | HP: 62/127 [alligator[an alligator] (6)]
 29212 | Swamp:3  | Reached skill level 15 in Dodging
 29513 | Swamp:3  | HP: 61/127 [swamp worm (18)]
 29534 | Swamp:3  | HP: 95/190 [ghost crab (2)]
 30203 | Snake:1  | Entered Level 1 of the Snake Pit
 30568 | Snake:1  | Noticed Aizul
 30581 | Snake:1  | Killed Aizul
 30581 | Snake:1  | Reached skill level 15 in Fighting
 30773 | Snake:1  | Received a gift from Trog
 31127 | Snake:1  | Reached XP level 16. HP: 91/136 MP: 1/16
 31134 | Snake:1  | HP: 96/204 [black mamba (9)]
 31139 | Snake:1  | HP: 88/204 [poisoned by a naga mage (poison arrow)]
 31143 | Snake:1  | HP: 42/136 [mana viper (6)]
 31150 | Snake:1  | HP: 42/136 [poisoned by a naga mage (poison arrow)]
 31155 | Snake:1  | HP: 43/136 [poisoned by a naga mage (poison arrow)]
 32249 | Snake:2  | HP: 68/136 [poisoned by a guardian serpent (bolt of poison)]
 32254 | Snake:2  | HP: 65/136 [poisoned by a guardian serpent (bolt of poison)]
 32259 | Snake:2  | HP: 65/136 [poisoned by a guardian serpent (bolt of poison)]
 32266 | Snake:2  | HP: 65/136 [poisoned by a guardian serpent (bolt of poison)]
 32824 | Snake:2  | Reached skill level 21 in Long Blades
 32940 | Snake:2  | Noticed a nagaraja
 32944 | Snake:2  | Found Biri's Bounteous Boutique.
 32952 | Snake:2  | Killed a nagaraja
 32960 | Snake:2  | Bought a scroll of blinking for 120 gold pieces
 32970 | Snake:2  | HP: 65/136 [salamander/vampiric spear (11)]
 32976 | Snake:2  | HP: 93/204 [salamander/arrow (3)]
 33144 | Snake:2  | Reached skill level 16 in Dodging
 34935 | Snake:3  | Received a gift from Trog
 35064 | Snake:3  | Noticed a nagaraja
 35074 | Snake:3  | Killed a nagaraja
 35739 | Snake:3  | Reached skill level 16 in Fighting
 35891 | Snake:3  | Reached XP level 17. HP: 143/144 MP: 17/17
 36325 | Orc:2    | Entered Level 2 of the Orcish Mines
 36610 | Orc:2    | Noticed Saint Roka
 36631 | Orc:2    | Killed Saint Roka
 36673 | Orc:2    | Received a gift from Trog
 36741 | Orc:2    | Reached ****** piety under Trog
 36876 | Orc:1    | Reached skill level 22 in Long Blades
 37187 | Orc:2    | Reached skill level 17 in Dodging
 37190 | Orc:2    | Found a roughly hewn altar of Beogh.
 37198 | Orc:2    | Found Xeifon's Jewellery Shoppe.
 37205 | Orc:2    | HP: 70/145 [orc priest/nerve-wracking pain[Saint Roka] (12)]
 37429 | Orc:2    | Received a gift from Trog
 37472 | Orc:2    | HP: 67/145 [orc knight/enchanted long sword (29)]
 37691 | Orc:2    | Found a staircase to the Elven Halls.
 38019 | Orc:2    | Found Bucipt's General Store.
 38070 | Orc:2    | Found Fafig's Antique Weapon Shoppe.
 38099 | Orc:2    | Bought a +4 amulet of reflection for 405 gold pieces
 38144 | Orc:2    | Bought a scroll of fear for 42 gold pieces
 38144 | Orc:2    | Bought a potion of haste for 120 gold pieces
 38170 | Orc:2    | Found Beokanae's Antique Armour Shoppe.
 39230 | D:14     | Found a runed door.
 39519 | D:14     | Found Qoax's Weapon Shoppe.
 39624 | D:14     | Found Dosagulu's Gadget Emporium.
 40393 | Lair:5   | Identified the +6 scale mail of the Suburbs {rC+ MR- Str+4 SInv, 10} (You found it on level 5 of the Lair of Beasts)
 40614 | Orc:2    | Bought a spiked scale mail for 252 gold pieces
 40614 | Orc:2    | Identified the +5 scale mail of Cowardice {rC- rCorr SInv} (You bought it in a shop on level 2 of the Orcish Mines)
 40771 | D:15     | Entered Level 15 of the Dungeon
 40958 | D:15     | Found a staircase to the Depths.
 41055 | D:15     | HP: 64/146 [??? (61)]
 41070 | D:15     | HP: 65/146 [stone giant skeleton (15)]
 41407 | D:15     | Reached XP level 18. HP: 153/153 MP: 18/18
 41419 | D:15     | Reached skill level 17 in Fighting
 41430 | D:15     | Received a gift from Trog
 41443 | D:15     | Identified the +5 great sword "Ykhuacas" {god gift, slice, Int+2 SInv} (Trog gifted it to you on level 15 of the Dungeon)
 41868 | D:15     | Reached skill level 23 in Long Blades
 42426 | Swamp:4  | Entered Level 4 of the Swamp
 42452 | Swamp:4  | Reached skill level 6 in Armour
 42565 | Swamp:4  | theanonym: !lg . xl=27 s=place
 42565 | Swamp:4  | beem: 48 games for theanonym (xl=27): 39x D:$, 3x Pan, 2x Abyss:1, Zot:3, Zot:1, Vaults:5, Tomb:2
 42565 | Swamp:4  | theanonym: !lg . xl=27 s=place !win
 42565 | Swamp:4  | beem: 9 games for theanonym (xl=27 !win): 3x Pan, 2x Abyss:1, Zot:3, Zot:1, Vaults:5, Tomb:2
 42565 | Swamp:4  | theanonym: !lg . urune>=3 s=place !win
 42565 | Swamp:4  | beem: 10 games for theanonym (urune>=3 !win): 3x Pan, 2x Vaults:5, 2x Abyss:1, Zot:3, Zot:1, Tomb:2
 42905 | Swamp:4  | Noticed Nikola
 42973 | Swamp:4  | Killed Nikola
 43154 | Swamp:4  | Noticed the 27-headed Lernaean hydra
 43154 | Swamp:4  | Killed the 27-headed Lernaean hydra
 43275 | Swamp:4  | Got a decaying rune of Zot
 43925 | Snake:4  | Entered Level 4 of the Snake Pit
 44100 | Snake:4  | HP: 75/155 [naga warrior/battleaxe (15)]
 44105 | Snake:4  | HP: 86/232 [poisoned by a naga warrior (splash of poison)]
 44111 | Snake:4  | HP: 61/232 [poisoned by a naga warrior (splash of poison)]
 44116 | Snake:4  | HP: 44/156 [poisoned by a naga warrior (splash of poison)]
 44121 | Snake:3  | HP: 50/156 [poisoned by a naga warrior (splash of poison)]
 44128 | Snake:3  | HP: 62/156 [poisoned by a naga warrior (splash of poison)]
 44133 | Snake:3  | HP: 65/156 [poisoned by a naga warrior (splash of poison)]
 44420 | Snake:4  | Reached skill level 7 in Armour
 44469 | Snake:4  | Received a gift from Trog
 44768 | Snake:4  | Reached XP level 19. HP: 159/163 MP: 14/19
 45058 | Snake:4  | Reached skill level 24 in Long Blades
 45227 | Snake:4  | Reached skill level 18 in Fighting
 45234 | Snake:4  | HP: 79/163 [naga warrior/dire flail (9)]
 45239 | Snake:4  | HP: 79/163 [poisoned by a naga sharpshooter (splash of poison)]
 45246 | Snake:4  | HP: 67/163 [naga sharpshooter/bolt (19)]
 45251 | Snake:4  | HP: 71/163 [poisoned by a naga sharpshooter (splash of poison)]
 45260 | Snake:4  | HP: 80/163 [poisoned by a naga sharpshooter (splash of poison)]
 46125 | Snake:4  | HP: 78/163 [naga warrior/hand axe (5)]
 46129 | Snake:4  | Reached skill level 8 in Armour
 46130 | Snake:4  | HP: 94/244 [poisoned by a guardian serpent (bolt of poison)]
 46133 | Snake:4  | Reached skill level 18 in Dodging
 46135 | Snake:4  | HP: 79/244 [poisoned by a guardian serpent (bolt of poison)]
 46140 | Snake:4  | HP: 50/163 [poisoned by a guardian serpent (bolt of poison)]
 46145 | Snake:4  | HP: 45/163 [poisoned by a guardian serpent (bolt of poison)]
 46150 | Snake:4  | HP: 50/163 [poisoned by a guardian serpent (bolt of poison)]
 46157 | Snake:4  | HP: 58/163 [poisoned by a guardian serpent (bolt of poison)]
 46165 | Snake:4  | HP: 67/163 [poisoned by a guardian serpent (bolt of poison)]
 46170 | Snake:4  | HP: 73/163 [poisoned by a guardian serpent (bolt of poison)]
 46189 | Snake:4  | HP: 77/163 [nagaraja/splash of poison (14)]
 46194 | Snake:4  | Received a gift from Trog
 46195 | Snake:4  | HP: 67/163 [poisoned by a nagaraja (splash of poison)]
 46201 | Snake:4  | HP: 73/163 [poisoned by a nagaraja (splash of poison)]
 46545 | Snake:4  | Got a serpentine rune of Zot
 46817 | D:9      | Identified the +5 scimitar of the Spider Nest {venom, rC++} (You found it on level 9 of the Dungeon)
 46871 | Elf:1    | Entered Level 1 of the Elven Halls
 47113 | Elf:1    | Received a gift from Trog
 47132 | Elf:1    | Found Lastitop's Jewellery Boutique.
 47514 | Elf:1    | Found Ageluda Vahi's Jewellery Emporium.
 47522 | Elf:1    | Bought a +5 ring of slaying for 1364 gold pieces
 47528 | Elf:1    | Found Nevvyclu's Food Shop.
 47613 | Elf:1    | Found Gunauwex's Distillery.
 47621 | Elf:1    | Bought a potion of heal wounds for 75 gold pieces
 47621 | Elf:1    | Bought a potion of heal wounds for 75 gold pieces
 47621 | Elf:1    | Bought a potion of heal wounds for 75 gold pieces
 48223 | Elf:2    | HP: 122/247 [deep elf knight/short sword (9)]
 48231 | Elf:2    | HP: 76/247 [deep elf mage/bolt of magma (16)]
 48242 | Elf:2    | Reached skill level 9 in Armour
 48245 | Elf:2    | HP: 84/247 [long sword of freezing (2)]
 48508 | Elf:2    | Reached XP level 20. HP: 151/172 MP: 20/20
 48531 | Elf:2    | Found Goeko's Weapon Shop.
 48556 | Elf:2    | Found Zyucwaal's Magic Scroll Emporium.
 48566 | Elf:2    | Bought a scroll of magic mapping for 49 gold pieces
 48566 | Elf:2    | Bought a scroll of fear for 49 gold pieces
 48602 | Elf:2    | Found a runed gate.
 48602 | Elf:2    | Found a runed gate.
 48604 | Elf:2    | Found a runed gate.
 48645 | Elf:2    | Received a gift from Trog
 48645 | Elf:2    | Reached skill level 19 in Dodging
 49038 | Elf:2    | Reached skill level 19 in Fighting
 49878 | Elf:3    | Entered Level 3 of the Elven Halls
 49890 | Elf:3    | Noticed Asterion
 49908 | Elf:3    | Killed Asterion
 49955 | Elf:3    | Found Ani Hual's Distillery.
 50467 | Elf:3    | Received a gift from Trog
 50657 | Elf:3    | Noticed Donald
 50663 | Elf:3    | Killed Donald
 51135 | Vaults:1 | Entered Level 1 of the Vaults
 51573 | Vaults:1 | Reached skill level 1 in Evocations
 51630 | Vaults:1 | Reached skill level 2 in Evocations
 51633 | Vaults:1 | HP: 81/174 [slime creature (13)]
 51643 | Vaults:1 | Reached skill level 10 in Armour
 52037 | Vaults:1 | HP: 82/174 [??? (80)]
 52038 | Vaults:1 | Reached skill level 3 in Evocations
 52042 | Vaults:1 | HP: 69/174 [ettin zombie[a necromancer] (18)]
 52734 | Vaults:1 | Reached skill level 4 in Evocations
 53308 | Vaults:2 | Reached skill level 20 in Dodging
 53391 | Vaults:2 | Reached skill level 5 in Evocations
 53416 | Vaults:2 | Received a gift from Trog
 53441 | Vaults:2 | Reached skill level 20 in Fighting
 53444 | Vaults:2 | HP: 86/176 [deep troll[an ironheart preserver] (20)]
 53447 | Vaults:2 | Reached XP level 21. HP: 92/183 MP: 24/24
 53461 | Vaults:2 | HP: 82/183 [cyan ugly thing[a glowing orange brain] (17)]
 53466 | Vaults:2 | HP: 70/183 [deep troll[an ironheart preserver] (15)]
 53491 | Vaults:2 | HP: 101/274 [yaktaur/bolt (11)]
 53496 | Vaults:2 | HP: 103/274 [deep troll[an ironheart preserver] (2)]
 53508 | Vaults:2 | HP: 101/274 [entropy weaver (8)]
 53529 | Vaults:2 | HP: 65/184 [deep elf archer/uncursed dagger (9)]
 53542 | Vaults:2 | HP: 66/184 [deep elf mage/lance of force (5)]
 53575 | Vaults:2 | Identified the +4 great sword of Foul Odors {god gift, slice, Int+4} (Trog gifted it to you on level 2 of the Vaults)
 53896 | Vaults:2 | Noticed Jorgrun
 53907 | Vaults:2 | Killed Jorgrun
 53953 | Vaults:2 | Received a gift from Trog
 53954 | Vaults:2 | Identified the +8 great sword "Oten" {god gift, chaos, rC- rN+++ Dex+9 Stlth-} (Trog gifted it to you on level 2 of the Vaults)
 53991 | Vaults:2 | Reached skill level 6 in Evocations
 54146 | Vaults:2 | Noticed Mara
 54149 | Vaults:2 | Reached skill level 7 in Evocations
 54525 | Vaults:2 | HP: 113/276 [stone giant (39)]
 54938 | Vaults:2 | Received a gift from Trog
 55052 | Vaults:2 | Reached skill level 8 in Evocations
 55074 | Vaults:2 | Noticed theanonym's illusion
 55081 | Vaults:2 | Killed Mara
 55374 | Vaults:2 | Reached skill level 9 in Evocations
 55620 | Vaults:2 | Reached skill level 21 in Fighting
 55692 | Vaults:2 | Found a portal to a secret trove of treasure.
 56237 | Vaults:3 | HP: 138/279 [frost giant/battleaxe of freezing (2)]
 56247 | Vaults:3 | Received a gift from Trog
 56254 | Vaults:3 | Reached XP level 22. HP: 98/194 MP: 29/29
 56258 | Vaults:3 | HP: 85/194 [ironheart preserver/morningstar (19)]
 56645 | Vaults:3 | Reached skill level 10 in Evocations
 56892 | Vaults:3 | Found a staircase to the Crypt.
 57812 | Vaults:4 | Found a flickering gateway to a bazaar.
 57820 | Bazaar   | Entered a bazaar
 57833 | Bazaar   | Found Ythytiaf's Food Emporium.
 57833 | Bazaar   | Found Hesup's Gadget Emporium.
 57869 | Bazaar   | Found Jucoutix's Antique Weapon Shoppe.
 57869 | Bazaar   | Found Riahi Yca's Book Shoppe.
 58189 | Vaults:4 | Reached skill level 11 in Armour
 58344 | Vaults:4 | Found Totiqix's Book Shop.
 58387 | Vaults:4 | Received a gift from Trog
 58388 | Vaults:4 | Identified the +12 triple sword of Massacring {god gift, vamp, +Fly rPois Dex+5} (Trog gifted it to you on level 4 of the Vaults)
 58526 | Vaults:4 | Found Muinul Hese's Gadget Shop.
 58836 | Vaults:4 | Received a gift from Trog
 59066 | Vaults:4 | Reached skill level 22 in Fighting
 59635 | Depths:1 | Entered Level 1 of the Depths
 59759 | Depths:1 | Reached skill level 12 in Armour
 60046 | Depths:1 | Received a gift from Trog
 60088 | Depths:1 | Reached XP level 23. HP: 203/203 MP: 31/31
 60394 | Depths:1 | Noticed the Enchantress
 60409 | Depths:1 | Reached skill level 13 in Armour
 60417 | Depths:1 | Killed the Enchantress
 60693 | Vaults:2 | You paid a toll of 12 scrolls of teleportation to enter a treasure trove
 60694 | Trove    | Entered a treasure trove
 60715 | Trove    | Identified the +9 triple sword of Desertification {elec, *Corrode +Inv rF+ SInv} (You found it in a treasure trove)
 60719 | Trove    | Identified the +10 great sword "Weicielu" {pain, rC++} (You found it in a treasure trove)
 61710 | Depths:1 | Found a gateway to Hell.
 61869 | Depths:2 | Found a one-way gate leading to the halls of Pandemonium.
 62076 | Depths:2 | Received a gift from Trog
 62265 | Depths:2 | Got a heavily runed hat
 62266 | Depths:2 | Identified the +2 hat of a volcano {+Blink rF+} (You found it on level 2 of the Depths)
 62283 | Depths:2 | Found a radiant altar of Vehumet.
 62293 | Depths:2 | Got a shimmering hat
 62299 | Depths:2 | Identified the +4 hat of Becaprok {rC+ MR+ Int+6} (You found it on level 2 of the Depths)
 62414 | Depths:2 | Reached skill level 14 in Armour
 62508 | Depths:2 | Received a gift from Trog
 62749 | Depths:2 | Found Nel Hu Amun's Gadget Emporium.
 62750 | Depths:2 | Found Kuemokke's Jewellery Shop.
 62750 | Depths:2 | Found Teimups's Jewellery Shop.
 62881 | Depths:2 | Found a corrupted altar of Lugonu.
 62889 | Depths:2 | Found a one-way gate to the infinite horrors of the Abyss.
 62996 | Depths:3 | Found a gateway to a ziggurat.
 63226 | Depths:3 | Received a gift from Trog
 63226 | Depths:3 | Reached skill level 15 in Armour
 63331 | Depths:3 | Reached XP level 24. HP: 211/211 MP: 31/31
 63405 | Depths:3 | Noticed a caustic shrike
 63414 | Depths:3 | Killed a caustic shrike
 63518 | Depths:3 | Reached skill level 21 in Dodging
 63855 | Depths:4 | Received a gift from Trog
 63973 | Depths:4 | Noticed a juggernaut
 63991 | Depths:4 | Killed a juggernaut
 64232 | Depths:4 | Found Edem's Antique Armour Shoppe.
 64250 | Depths:4 | Bought a pair of warped gloves for 266 gold pieces
 64250 | Depths:4 | Identified the +2 pair of gloves "Saclus" {MR++} (You bought it in a shop on level 4 of the Depths)
 64306 | Depths:4 | Found a transporter.
 64337 | Depths:4 | Noticed Mennas
 64354 | Depths:4 | Killed Mennas
 64533 | Depths:4 | Found a transporter.
 64541 | Depths:4 | Reached skill level 23 in Fighting
 64813 | Depths:5 | Entered Level 5 of the Depths
 64815 | Depths:5 | Got a pair of distressingly furry boots
 64816 | Depths:5 | Identified the +2 pair of boots of the Failed Coup {rElec rPois Dex+6 Stlth-} (You found it on level 5 of the Depths)
 64935 | Depths:5 | Reached skill level 22 in Dodging
 65079 | Depths:5 | Received a gift from Trog
 65305 | Depths:5 | Found a corrupted altar of Lugonu.
 65551 | Depths:5 | Found a gate to the Realm of Zot.
 65657 | Depths:5 | Reached XP level 25. HP: 222/222 MP: 31/31
 65818 | Depths:5 | Reached skill level 23 in Dodging
 66147 | Depths:4 | Paralysed by an eldritch tentacle for 7 turns
 66150 | Depths:4 | HP: 98/218 [eldritch tentacle[the power of Zot] (20)]
 66152 | Depths:4 | HP: 45/218 [deep troll shaman[a Zot trap] (6)]
 66154 | Depths:4 | HP: 2/218 [eldritch tentacle[the power of Zot] (22)]
 66154 | Depths:4 | Demolished by an eldritch tentacle

Vanquished Creatures
  Mennas (Depths:4)
  Mara (Vaults:2)
  A juggernaut (Depths:4)
  Saint Roka (Orc:2)
  A caustic shrike (Depths:3)
  6 golden dragons
  A bone dragon (Depths:5)
  Nikola (Swamp:4)
  the Enchantress (Depths:1)
  2 liches
  Jorgrun (Vaults:2)
  Asterion (Elf:3)
  A titan (Depths:3)
  5 sphinxes
  4 tengu reavers
  Kirke (Lair:4)
  5 fire giants
  6 thorn hunters
  3 storm dragons (Depths:3)
  Donald (Elf:3)
  A draconian monk (Depths:5)
  6 frost giants
  A revenant (Vaults:3)
  4 deep elf sorcerers
  7 nagarajas
  Aizul (Snake:1)
  8 vault wardens
  An iron dragon (Depths:4)
  2 draconian shifters (Depths:5)
  An emperor scorpion (shapeshifter) (D:15)
  The ghost of Roxy the Bludgeoner, a journeyman DsMo of Okawaru (D:12)
  13 stone giants
  6 spriggan defenders
  2 entropy weavers
  8 ironheart preservers
  19 very ugly things
  A green draconian (Depths:5)
  2 black draconians (Depths:5)
  A deep elf demonologist (Vaults:2)
  A yellow draconian (Depths:5)
  2 red draconians (Depths:5)
  A vampire knight (Depths:5)
  4 spark wasps
  2 merfolk javelineers (Depths:2)
  3 merfolk impalers
  4 deep elf death magi
  6 great orbs of eyes
  12 ogre magi
  2 deep elf high priests
  6 ettins
  Snorg (Lair:5)
  6 fire dragons
  16 yaktaur captains
  5 rakshasas
  10 anacondas
  9 ice dragons
  2 catoblepae
  12 vault guards
  7 spriggan air magi
  18 hydras
  4 ghost crabs
  20 naga warriors
  An anaconda (shapeshifter) (Depths:2)
  44 two-headed ogres
  2 death knights
  12 alligators
  10 centaur warriors
  7 deep troll shamans
  24 dancing weapons
  7 tengu warriors
  6 spriggan berserkers
  An orc high priest (Orc:2)
  8 shock serpents
  2 vampire magi
  12 deep troll earth magi
  31 deep elf knights
  The ghost of mieszko the Quickloader, a novice KoHu (D:8)
  A shadow wraith (Vaults:4)
  5 naga sharpshooters
  19 skeletal warriors
  5 iron trolls
  5 salamander mystics
  A storm dragon skeleton (D:15)
  A fire crab (Lair:6)
  5 hell knights (Depths:2)
  10 sea snakes
  20 deep trolls
  A spriggan druid (Swamp:4)
  7 naga ritualists
  An unseen horror (D:14)
  5 glowing orange brains
  3 wizards (Depths:2)
  2 shambling mangroves
  2 flayed ghosts
  12 deep elf archers
  10 swamp dragons
  17 orc knights
  A shadow dragon zombie (Depths:3)
  Pikel (D:7)
  5 necromancers
  16 ironbrand convokers
  A harpy (shapeshifter) (Vaults:4)
  A lindwurm (Lair:4)
  A tengu zombie (D:15)
  3 harpies (Vaults:1)
  5 wolf spiders
  72 deep elf magi
  4 oklob plants
  11 mana vipers
  A mana viper (shapeshifter) (Depths:3)
  2 human zombies
  2 salamanders (shapeshifter)
  5 cyclopes
  51 ugly things
  10 orc sorcerers
  A tengu skeleton (Depths:3)
  A frost giant zombie (Depths:3)
  15 salamanders
  A moth of wrath (shapeshifter) (Vaults:4)
  7 elephants
  8 guardian serpents
  A stone giant skeleton (D:15)
  2 molten gargoyles (Lair:6)
  2 black mambas (shapeshifter)
  21 naga magi
  8 vault sentinels
  45 black mambas
  A guardian serpent (shapeshifter) (Vaults:2)
  An elephant (shapeshifter) (Depths:3)
  A spiny frog (shapeshifter) (D:15)
  19 spiny frogs
  2 torpor snails (Lair:6)
  2 gargoyles (D:11)
  7 freezing wraiths
  10 komodo dragons
  4 rime drakes
  2 efreet
  3 tengu conjurers
  36 yaktaurs
  3 kobold demonologists (D:9)
  A jumping spider (shapeshifter) (D:13)
  A komodo dragon (shapeshifter) (Vaults:2)
  4 polar bears
  A queen bee (shapeshifter) (Vaults:3)
  2 polar bears (shapeshifter)
  A queen bee (D:13)
  7 tyrant leeches
  3 meliai (D:13)
  12 trolls
  A troll (shapeshifter) (Depths:5)
  2 jumping spiders
  2 wind drakes (shapeshifter) (Vaults:2)
  A hornet (shapeshifter) (D:14)
  A raiju (shapeshifter) (Depths:3)
  An ettin zombie (Vaults:1)
  3 blink frogs (Lair:6)
  8 dream sheep (Lair:5)
  13 hornets
  28 slime creatures
  A spriggan zombie (D:15)
  10 hippogriffs
  6 bog bodies
  A fire giant simulacrum (Vaults:2)
  An ettin skeleton (Vaults:4)
  8 spriggans
  2 shadows
  7 wyverns
  A redback (shapeshifter) (Depths:4)
  7 air elementals
  4 vampires
  11 redbacks
  A tarantella (Vaults:1)
  A human (shapeshifter) (D:13)
  4 basilisks
  18 water elementals
  5 fire elementals
  27 yaks
  22 vampire mosquitoes
  A golden eye (shapeshifter) (Depths:3)
  2 hungry ghosts
  3 steam dragons
  3 human simulacra
  A wraith (Vaults:3)
  A yaktaur simulacrum (Vaults:4)
  Edmund (D:4)
  30 insubstantial wisps
  5 wargs
  2 soldier ants (D:11)
  21 swamp worms
  56 nagas
  15 water moccasins
  2 hell hounds
  A floating eye (shapeshifter) (Depths:5)
  A floating eye (Depths:2)
  16 porcupines
  12 swamp drakes
  4 sky beasts
  Duvessa (D:5)
  4 phantoms
  A slave (D:6)
  A human skeleton (Depths:3)
  7 ice beasts
  57 orc warriors
  2 orc zombies (Vaults:1)
  7 boggarts
  30 centaurs
  An eye of draining (shapeshifter) (Depths:5)
  A necrophage (D:9)
  7 wolves
  28 ogres
  17 crocodiles
  16 bullfrogs
  5 big kobolds
  An earth elemental (Elf:3)
  A gnoll sergeant (D:11)
  4 wyvern skeletons
  4 scorpions
  Dowan (D:5)
  7 wights
  19 killer bees
  An electric eel (Snake:2)
  11 crimson imps
  5 centaur zombies
  6 bullfrog zombies
  A quasit (D:8)
  26 orc priests
  5 jellies
  5 bullfrog skeletons
  Crazy Yiuf (D:4)
  6 centaur skeletons
  7 hounds
  41 orc wizards
  A hell rat (Lair:2)
  Natasha (twice) (D:2)
  3 iguanas
  11 worker ants
  3 hound skeletons
  10 adders
  10 river rats (Lair:2)
  4 shadow imps
  2 worms (D:2)
  2 dart slugs (D:1)
  7 leopard geckos
  97 orcs
  6 giant cockroaches
  8 goblins
  7 hobgoblins
  13 jackals
  3 quokkas
  7 bats
  2 frilled lizards
  29 kobolds
  2 leopard gecko skeletons
  2 quokka zombies
  12 rats
1963 creatures vanquished.

Vanquished Creatures (collateral kills)
  the Lernaean hydra (Swamp:4)
  A nagaraja (Snake:3)
  A naga warrior (Snake:4)
  5 hydras
  2 two-headed ogres (Vaults:3)
  An alligator (Swamp:2)
  Urug (Lair:2)
  2 naga sharpshooters (Snake:4)
  2 deep elf knights (Vaults:3)
  A skeletal warrior (D:13)
  3 swamp dragons (Swamp:4)
  A shambling mangrove (Swamp:4)
  A deep elf mage (Vaults:3)
  An ugly thing (Vaults:3)
  A guardian serpent (Snake:4)
  A freezing wraith (Vaults:3)
  A hornet (Swamp:4)
  2 dream sheep (Lair:5)
  A slime creature (Lair:4)
  A spriggan (Swamp:4)
  A basilisk (D:11)
  4 nagas (Snake:4)
  A porcupine (Lair:5)
  An ogre (Vaults:3)
  A wolf (Lair:3)
  A bullfrog (D:11)
  A crimson imp (D:11)
  A hell rat (Lair:2)
  A rat (Lair:2)
42 creatures vanquished.

Vanquished Creatures (others)
  A deep elf knight (Elf:1)
  2 deep elf archers (Elf:1)
  A human (Lair:6)
  An ogre (Vaults:2)
  A centaur (D:7)
  A crimson imp (D:7)
  An electric eel (Elf:3)
  An orc (Orc:2)
  2 kobolds (Depths:2)
  A quokka zombie (D:7)
  3 briar patches (Swamp:2)
  16 fungi
  43 plants
  A withered plant (D:7)
75 creatures vanquished.

Grand Total: 2080 creatures vanquished

Table legend:
 A = Turns spent in this place as a percentage of turns spent in the entire game.
 B = Non-inter-level travel turns spent in this place as a percentage of non-inter-level travel turns spent in the entire game.
 C = Inter-level travel turns spent in this place as a percentage of turns spent in this place.
 D = Turns resting spent in this place as a percentage of non-inter-level travel turns spent in this place.
 E = Turns spent auto-exploring this place as a percentage of non-inter-level travel turns spent in this place.
 F = Non-inter-level travel turns spent in this place divided by the number of levels of this place that you've seen.
                   A       B       C       D       E      F
               +-------+-------+-------+-------+-------+----------------------
         Total | 100.0 | 100.0 |   8.3 |  36.4 |  43.0 | 1348.0
       Dungeon |  28.9 |  28.3 |  10.2 |  25.6 |  55.7 | 1145.6
          Lair |  16.2 |  16.2 |   8.0 |  51.5 |  33.1 | 1642.0
         Swamp |   9.1 |   9.3 |   5.9 |  44.5 |  35.4 | 1416.2
     Snake Pit |  13.5 |  14.0 |   4.4 |  49.7 |  33.0 | 2127.8
  Orcish Mines |   3.8 |   3.6 |  11.0 |  38.4 |  34.2 | 1106.5
   Elven Halls |   6.2 |   6.4 |   5.7 |  33.4 |  45.8 | 1296.0
        Vaults |  13.5 |  12.7 |  13.8 |  37.7 |  38.1 | 1918.8
        Depths |   8.6 |   9.0 |   3.6 |  14.3 |  52.0 | 1093.8
        Bazaar |   0.2 |   0.2 |   0.0 |   0.0 |  66.0 | 100.0
         Trove |   0.2 |   0.2 |   0.0 |   0.0 |  37.6 | 101.0
               +-------+-------+-------+-------+-------+----------------------
